 Dungeon Crawl Stone Soup version 0.31.0-1-g2c135a0 (webtiles) character file.

Game seed: 16958078266509497896

21 Think the Ducker (level 2, -1/21 HPs)
             Began as an Octopode Fighter on Jan 23, 2024.
             Slain by a gnoll
             ... wielding a +0 spear
              (4 damage)
             ... on level 2 of the Dungeon.
             The game lasted 00:01:10 (1029 turns).

Think the Ducker (Octopode Fighter)                 Turns: 1029, Time: 00:01:11

Health: -1/21      AC:  5    Str: 15    XL:     2   Next: 87%
Magic:  2/2        EV: 13    Int: 10    God:
Gold:   52         SH:  4    Dex: 11    Spells: 1/1 levels left

rFire   . . .        a - +0 long sword
rCold   . . .        b - +0 buckler
rNeg    . . .        (helmet restricted)
rPois   .            (no amulet)
rElec   .            e - ring of see invisible
rCorr   .            j - +4 ring of protection
SInv    +            (no ring)
Will    .....        (no ring)
Stlth   ++           (no ring)
HPRegen 0.23/turn    (no ring)
MPRegen 0.08/turn    (no ring)
                     (no ring)

%: no passive effects
@: no status effects
A: almost no armour, amphibious, 8 rings, camouflage 1, gelatinous body 1,
(nimble swimmer 1), tentacles
a: no special abilities


You were on level 2 of the Dungeon.
You visited 1 branch of the dungeon, and saw 2 of its levels.

You collected 52 gold pieces.

Inventory:

Hand Weapons
 a - a +0 long sword (weapon)
Armour
 b - a +0 buckler (worn)
Jewellery
 e - a ring of see invisible (left tentacle)
 j - a +4 ring of protection (right tentacle)
Scrolls
 g - a scroll of identify {unknown}
 h - 2 scrolls of amnesia {unknown}
 k - a scroll of blinking {unknown}
Potions
 c - a potion of might
 d - a potion of degeneration {unknown}
 f - 2 potions of curing {unknown}
 i - a potion of attraction {unknown}
 l - a potion of ambrosia {unknown}


   Skills:
 + Level 3.3 Fighting
 - Level 2.0 Long Blades
 * Level 3.7 Dodging
 - Level 3.0 Shields


You had one spell level left.
You didn't know any spells.
Your spell library was empty.

Dungeon Overview and Level Annotations

Branches:
Dungeon (2/15)

Altars:


Innate Abilities, Weirdness & Mutations

You cannot wear most types of armour.
You are amphibious.
You can wear up to eight rings at the same time.
Your skin changes colour to match your surroundings (Stealth+).
Your rubbery body absorbs attacks. (AC +1, EV +1)
((You are camouflaged when in or above water. (Stealth+)))
You have tentacles for arms and can constrict up to eight enemies at once.


Message History

A rat is nearby!
A rat is nearby!
A gnoll comes into view. It is wielding a +0 spear.
The gnoll shouts!
The rat squeaks loudly.
You hear a shout! x4
The gnoll hits you from afar with a +0 spear.
You hear an angry hiss.
You hit the rat but do no damage. You grab the rat. You squeeze the rat.
You kill the rat!
The gnoll barely misses you.
A hobgoblin and 2 gnolls come into view.
The gnoll shouts!
A frilled lizard comes into view.
The gnoll hits you with a +0 spear.
You see here a rat corpse.
The frilled lizard hisses angrily.
You slash the gnoll! Your grab misses the gnoll.
The gnoll is severely wounded.
The frilled lizard hisses.
The gnoll hits you with a +0 spear.
You are too injured to fight recklessly!
You are too injured to fight recklessly!
You are too injured to fight recklessly!
You are too injured to fight recklessly!
You are too injured to fight recklessly!
You are too injured to fight recklessly!
You are too injured to fight recklessly!
You are too injured to fight recklessly!
You are too injured to fight recklessly!
You are too injured to fight recklessly!
You are too injured to fight recklessly!
Unknown command.
Okay, then.
Okay, then.
The gnoll closely misses you. The gnoll attacks as it pursues you!
The gnoll barely misses you.
The gnoll hits you from afar with a +0 spear!
* * * LOW HITPOINT WARNING * * *
There is a stone staircase leading up here.
The gnoll hits you from afar with a +0 spear.
You die...

#.# .# [.. .# ... .#
#.# .# #.#
#####.####.. #.#
#..g†.......
#####.####l###.###...
#......gg..# g#
#.###@###..# g# #.#
#..# g. #.# #..# ##
#.# #..# #.# #..# ..#
#... ### #.## #.#


You could see a gnoll, a hobgoblin and a frilled lizard.

Vanquished Creatures
  4 endoplasms (D:1)
  A giant cockroach (D:1)
  4 goblins (D:1)
  2 hobgoblins (D:1)
  A quokka (D:1)
  A bat (D:1)
  A frilled lizard (D:1)
  2 kobolds (D:1)
  3 rats
19 creatures vanquished.

Notes
Turn   | Place    | Note
-------+----------+-------------------------------------------
     0 | D:1      | Think the Octopode Fighter began the quest for the Orb.
     0 | D:1      | Reached XP level 1. HP: 16/16 MP: 1/1
   281 | D:1      | Found a faded altar of an unknown god.
   422 | D:1      | Reached XP level 2. HP: 21/21 MP: 2/2
  1029 | D:2      | Slain by a gnoll

Illustrated notes

Levels and vault maps discovered:
D:1:      dpeg_arrival_houses_and_road, layout_loops_corners,
          shapermc_ecumenical_altar_mp_highgroup
D:2:      layout_loops_ring, basic_altar, minmay_misc_feat_hallway, st_stairs_8

Action                     || total
---------------------------++-------
  Melee: Long sword        ||    34
         Tentacles         ||     6
         Constrict         ||     7
   Stab: Sleeping          ||     5
 Armour: Skin              ||    16
  Dodge: Dodged            ||    20
  Block: Buckler           ||    10
